 Dungeon Crawl Stone Soup version 0.28-a0-1493-g08698888e4 (webtiles) character file.

Game seed: 6089525634734761123

512 voltaire321 the Sneak (level 7, -5/60 HPs)
             Began as a Naga Enchanter on Jan 13, 2022.
             Slain by a worm (8 damage)
             ... in a sewer.
             The game lasted 00:15:16 (6154 turns).

voltaire321 the Sneak (Naga Enchanter)              Turns: 6154, Time: 00:15:16

Health: -5/60      AC:  4    Str: 16    XL:     7   Next: 19%
Magic:  8/11       EV: 10    Int: 15    God:
Gold:   232        SH:  0    Dex: 14    Spells: 4/12 levels left

rFire   . . .      SeeInvis +   a - +1 dagger
rCold   . . .      Faith    .   (no shield)
rNeg    . . .      Spirit   .   b - +0 robe
rPois   +          Reflect  .   (no helmet)
rElec   .          Harm     .   (no cloak)
rCorr   .          Rampage  .   d - +0 pair of gloves
Will    .....                   (no barding)
Stlth   +++.......              (no amulet)
HPRegen 0.20/turn               c - +6 ring of strength
MPRegen 0.12/turn               k - ring of wizardry

@: short of breath, slowed, very slow
A: AC +2, large, see invisible, deformed body, poison resistance, slowness 2,
spit poison 1, naga tail 1
a: Spit Poison


You were in a sewer.
You visited 1 branch of the dungeon, and saw 5 of its levels.
You also visited: Sewer.

You collected 232 gold pieces.

Inventory:

Hand Weapons
 a - a +1 dagger (weapon)
Missiles
 i - 27 poisoned darts (quivered)
Armour
 b - a +0 robe (worn)
 d - a +0 pair of gloves (worn)
 g - a +0 ring mail
Jewellery
 c - a +6 ring of strength (left hand)
 k - a ring of wizardry (right hand)
Scrolls
 f - 3 scrolls of identify
 h - a scroll of fear {unknown}
 m - a scroll of amnesia {unknown}
 p - 2 scrolls of teleportation {unknown}
 q - a scroll of enchant armour {unknown}
 r - a scroll of enchant weapon {unknown}
 s - a scroll of acquirement {unknown}
 t - a scroll of summoning {unknown}
Potions
 e - 2 potions of ambrosia
 j - a potion of heal wounds
 l - a potion of haste
 n - a potion of lignification {unknown}
 o - a potion of curing {unknown}


   Skills:
 + Level 2.3 Fighting
 + Level 2.6 Short Blades
 + Level 1.1 Armour
 + Level 2.7 Dodging
 + Level 6.2 Stealth
 + Level 3.0 Spellcasting
 + Level 4.1 Hexes
 + Level 2.0 Ice Magic


You had 4 spell levels left.
You knew the following spells:

 Your Spells              Type           Power      Damage    Failure   Level
a - Ensorcelled Hibernat  Hex/Ice        22%        N/A       3%          2
b - Ozocubu's Armour      Ice            8%         N/A       11%         3
c - Tukima's Dance        Hex            14%        N/A       4%          3

Your spell library contained the following spells:

 Spells                   Type           Power      Damage    Failure   Level
 Confusing Touch          Hex            14%        N/A       4%          3
 Dazzling Flash           Conj/Hex       16%        N/A       11%         3
 Portal Projectile        Hex/Tloc       16%        N/A       11%         3
 Ignite Poison            Fire/Tmut/Pois 2%         N/A       24%         3
 Mephitic Cloud           Conj/Pois/Air  2%         N/A       24%         3
 Ozocubu's Refrigeration  Ice            4%         4d5       100%        7
 Discord                  Hex            7%         N/A       100%        8


Dungeon Overview and Level Annotations

Branches:
Dungeon (5/15)              Sewer (1/1)
 Temple: D:4-7

Altars:


Innate Abilities, Weirdness & Mutations

Your serpentine skin is tough. (AC +2)
You have supernaturally acute eyesight. (SInv)
Armour fits poorly on your strangely shaped body.
Your system is resistant to poisons. (rPois)
You cover ground very slowly.
You can spit poison.
You have a snake-like lower body.


Message History

The kobold brigand resists with some effort.
The kobold brigand throws a curare-tipped dart.
The curare-tipped dart hits you.
You have difficulty breathing.
You feel as though you will be slow longer.
The kobold brigand barely misses you.
The kobold brigand hits you with a +0 dagger.
The kobold brigand hits you with a +0 dagger!
Casting: Ensorcelled Hibernation (safe; 3% risk of failure)
Confirm with . or Enter, or press ? or * to list all spells.
Aiming: Ensorcelled Hibernation (safe; 3% risk of failure)
Press: ? - help, Shift-Dir - straight line, f/p - kobold brigand
Aim: a kobold brigand, wielding a +0 dagger and quivering curare-tipped darts (chance to affect: 45%)
The kobold brigand looks drowsy...
The helpless kobold brigand fails to defend itself.
You impale the kobold brigand!!
The kobold brigand is almost dead.
The kobold brigand barely misses you.
You closely miss the kobold brigand.
The kobold brigand is almost dead.
The worm bites you.
The kobold brigand hits you with a +0 dagger.
You closely miss the kobold brigand.
The kobold brigand is almost dead.
The kobold brigand hits you with a +0 dagger.
The worm bites you!
* * * LOW HITPOINT WARNING * * *
Aiming: Spit Poison (1% risk of failure)
Press: ? - help, Shift-Dir - straight line, f/p - kobold brigand
Aim: a kobold brigand, wielding a +0 dagger and quivering curare-tipped darts (almost dead, 50% to hit)
The splash of poison misses the kobold brigand.
The kobold brigand completely misses you.
The kobold brigand splashes around in the water.
The worm bites you!
* * * LOW HITPOINT WARNING * * *
You can't do that yet.
Unknown command.
The worm bites you.
* * * LOW HITPOINT WARNING * * *
The kobold brigand closely misses you. The worm bites you!
You die...

≈# ####### ≈.#
#.≈≈K@##### ...≈
#####w..≈≈#######
.≈≈.
#.w≈≈≈###≈≈.≈≈.≈##
#.≈ #######
#.≈.≈≈≈≈≈# ##.
≈≈≈.###≈≈......####≈
#≈≈≈≈≈####.≈≈≈##≈≈
≈≈≈.##### ##..≈.≈..
## ##.≈≈.≈. #≈≈..≈≈


You could see a kobold brigand and a worm.

Vanquished Creatures
  2 kobold brigands (Sewer)
  Terence (D:2)
  Natasha (thrice) (D:2)
  2 iguanas (D:4)
  Robin (D:2)
  8 adders
  4 river rats
  An adder skeleton (D:4)
  2 worms (Sewer)
  An orc (D:3)
  8 ball pythons
  8 bats
  10 endoplasms
  A giant cockroach (D:5)
  19 goblins
  8 hobgoblins
  5 jackals
  3 quokkas
  4 frilled lizards
  5 kobolds
  7 rats
103 creatures vanquished.

Notes
Turn   | Place    | Note
-------+----------+-------------------------------------------
     0 | D:1      | voltaire321 the Naga Enchanter began the quest for the Orb.
     0 | D:1      | Reached XP level 1. HP: 15/15 MP: 3/3
   492 | D:1      | Reached XP level 2. HP: 11/24 MP: 5/5
   794 | D:1      | Learned a level 2 spell: Ensorcelled Hibernation
   817 | D:1      | Found a faded altar of an unknown god.
   819 | D:1      | You fall into a shaft and drop 1 floor!
   835 | D:2      | Noticed Terence
   858 | D:2      | Reached skill level 1 in Fighting
   858 | D:2      | Reached XP level 3. HP: 31/31 MP: 6/6
  1288 | D:2      | Noticed Robin
  1332 | D:1      | Reached skill level 5 in Stealth
  2072 | D:2      | Reached XP level 4. HP: 8/38 MP: 7/7
  2339 | D:2      | Noticed Natasha
  2353 | D:2      | Killed Natasha
  2373 | D:2      | Killed Robin
  2692 | D:2      | Noticed Natasha
  2698 | D:2      | Killed Natasha
  2699 | D:2      | Reached skill level 1 in Ice Magic
  2699 | D:2      | Reached XP level 5. HP: 36/44 MP: 8/8
  3011 | D:2      | Noticed Natasha
  3028 | D:2      | Killed Terence
  3029 | D:2      | Killed Natasha
  3616 | D:3      | Learned a level 3 spell: Ozocubu's Armour
  3620 | D:3      | Learned a level 3 spell: Tukima's Dance
  3839 | D:3      | Got the Guide on Toxins and Bewitchment
  4101 | D:3      | Noticed a water moccasin
  4101 | D:3      | Noticed a necrophage
  4516 | D:4      | Reached XP level 6. HP: 49/52 MP: 9/9
  5199 | D:5      | Entered Level 5 of the Dungeon
  5263 | D:5      | Found a glowing drain.
  5313 | Sewer    | Entered a sewer
  5578 | Sewer    | Reached skill level 6 in Stealth
  5927 | Sewer    | Reached skill level 1 in Armour
  5927 | Sewer    | Reached XP level 7. HP: 56/60 MP: 4/11
  6154 | Sewer    | HP: 3/60 [worm (4)]
  6154 | Sewer    | Slain by a worm

Illustrated notes

Levels and vault maps discovered:
D:1:      dpeg_arrival_more_subterranean_lakeside_camping, layout_loops_ring,
          ebering_ecumenical_altar_abandoned
D:2:      layout_basic, uniq_natasha, uniq_terence, uniq_robin
D:3:      layout_basic, glass_columns_a, nicolae_concentric_dashed_squares_wild,
          lightli_corner_chamber
D:4:      layout_basic
D:5:      layout_layer_cave, fedhas_ov_isle_minmay, portal_sewer_entry_a,
          minmay_misc_feat_enclosed
Sewer:    sewer_co_tree

Skill      XL: |  1  2  3  4  5  6  7 |
---------------+----------------------+-----
Fighting       | 1 2 |  2.3
Stealth        | 5 6 |  6.2
Dodging        | 2 |  2.7
Ice Magic      | 1 2 |  2.0
Short Blades   | 2 |  2.6
Hexes          | 4 |  4.1
Armour         | 1 |  1.1
Spellcasting   | 3 |  3.0

Action                   |  1- 3 |  4- 6 |  7- 9 || total
-------------------------+-------+-------+-------++-------
Melee: Dagger            |   104 |   177 |    12 ||   293
       Punch             |     1 |       |       ||     1
Throw: Dart              |     2 |       |       ||     2
 Cast: Ensorcelled Hiber |       |    38 |     6 ||    44
 Abil: Spit Poison       |     3 |    21 |     1 ||    25
  Use: Scroll            |     3 |     1 |       ||     4
       Potion            |     2 |       |       ||     2
 Stab: Sleeping          |    13 |    32 |     5 ||    50
Armor: Robe              |    32 |    50 |     2 ||    84
Dodge: Dodged            |    50 |    85 |    13 ||   148

Table legend: (Time is in decaauts)
 A = Elapsed time spent in this place.
 B = Non-inter-level travel time spent in this place.
 C = Inter-level travel time spent in this place.
 D = Time resting spent in this place.
 E = Time spent auto-exploring this place.
 F = Levels seen in this place.
 G = Mean time per level.
                   A        B        C        D        E       F      G
               +--------+--------+--------+--------+--------+-----+--------+
         Total |   7583 |   7429 |    154 |   1822 |   3946 |   6 | 1263.8 |
       Dungeon |   6397 |   6243 |    154 |   1738 |   3143 |   5 | 1279.4 |
         Sewer |   1186 |   1186 |      0 |     84 |    803 |   1 | 1186.0 |
               +--------+--------+--------+--------+--------+-----+--------+

Top non-repeatable levels by time:
     D:2: 2504 daAuts
     D:1: 1534 daAuts
   Sewer: 1186 daAuts
     D:3: 1124 daAuts
     D:4: 1085 daAuts
     D:5: 148 daAuts
